 Dungeon Crawl Stone Soup version 0.29-a0-284-gf9362112df (webtiles) character file.

Game seed: 7296538011030476081

104 siradein the Bolt Thrower (level 5, -2/30 HPs)
             Began as a Kobold Arcane Marksman on Mar 16, 2022.
             Killed from afar by an orc wizard (5 damage)
             ... with a magic dart
             ... on level 3 of the Dungeon.
             The game lasted 00:06:51 (2491 turns).

siradein the Bolt Thrower (Kobold Arcane Marksman)  Turns: 2491, Time: 00:06:51

Health: -2/30      AC:  5    Str:  7    XL:     5   Next: 7%
Magic:  8/8        EV: 14    Int: 16    God:
Gold:   96         SH:  0    Dex: 16    Spells: 1/8 levels left

rFire   . . .      SeeInvis .   a - +0 hand crossbow
rCold   . . .      Faith    .   (no shield)
rNeg    . . .      Spirit   .   h - +0 leather armour
rPois   .          Reflect  .   i - +0 helmet
rElec   .          Harm     .   j - +0 cloak
rCorr   .          Rampage  .   (no gloves)
Will    .....                   (no boots)
Stlth   ++........              (no amulet)
HPRegen 0.10/turn               (no ring)
MPRegen 0.11/turn               (no ring)

@: no status effects
A: small, no large weapons, nightstalker 3
a: no special abilities


You were on level 3 of the Dungeon.
You visited 1 branch of the dungeon, and saw 3 of its levels.

You collected 96 gold pieces.

Inventory:

Hand Weapons
 a - a +0 hand crossbow (weapon)
 m - a +0 vampiric whip
Armour
 h - a +0 leather armour (worn)
 i - a +0 helmet (worn)
 j - a +0 cloak (worn)
Scrolls
 c - a scroll of vulnerability
 d - a scroll of enchant armour {unknown}
 f - 2 scrolls of identify {unknown}
 g - 2 scrolls of fog {unknown}
Potions
 b - a potion of might {unknown}
 k - a potion of magic {unknown}
 l - a potion of curing {unknown}


   Skills:
 + Level 2.2 Fighting
 + Level 3.6 Crossbows
 + Level 3.2 Dodging
 + Level 2.0 Spellcasting
 + Level 3.5 Hexes
 + Level 1.0 Translocations


You had one spell level left.
You knew the following spells:

 Your Spells              Type           Power      Damage    Failure   Level
a - Slow                  Hex            48%        N/A       8%          1
b - Portal Projectile     Hex/Tloc       16%        N/A       36%         3
c - Inner Flame           Hex/Fire       7%         N/A       41%         3

Your spell library contained the following spells:

 Spells                   Type           Power      Damage    Failure   Level
 Cause Fear               Hex            6%         N/A       58%         4
 Ignite Poison            Fire/Tmut/Pois 1%         N/A       67%         3
 Mephitic Cloud           Conj/Pois/Air  1%         N/A       67%         3
 Freezing Cloud           Conj/Ice/Air   0%         6-21      100%        5


Dungeon Overview and Level Annotations

Branches:
Dungeon (3/15)

Altars:
Gozag


Innate Abilities, Weirdness & Mutations

You are small and have problems with some larger weapons.
You are completely attuned to the shadows.


Message History

Something hits you.
Shoot: a) +0 hand crossbow
Press: ? - help, Q - select action, (/) - cycle Shift-Dir - straight line You shoot a bolt.
You hear some strange, mumbled words.
A magic dart appears from out of thin air!
The magic dart hits you.
You hear some strange, mumbled words.
A magic dart appears from out of thin air!
The magic dart hits you.
Shoot: a) +0 hand crossbow
Press: ? - help, Q - select action, (/) - cycle Shift-Dir - straight line You shoot a bolt.
An orc wizard appears from thin air!
Reactivating autopickup.
The orc wizard closely misses you.
Shoot: a) +0 hand crossbow
Press: ? - help, Q - select action, (/) - cycle Shift-Dir - straight line, f - orc wizard
Aim: an orc wizard, wielding a +0 dagger and wearing a +0 robe (lightly wounded, 56% to hit)
You shoot a bolt.
The bolt hits the orc wizard but does no damage.
The orc wizard is lightly wounded.
The orc wizard casts a spell at you. The puff of flame hits you!
* * * LOW HITPOINT WARNING * * *
Shoot: a) +0 hand crossbow
Press: ? - help, Q - select action, (/) - cycle Shift-Dir - straight line, f/p - orc wizard
Aim: an orc wizard, wielding a +0 dagger and wearing a +0 robe (lightly wounded, 56% to hit)
You shoot a bolt. The bolt misses the orc wizard.
The orc wizard misses you.
The orc wizard hits you with a +0 dagger.
* * * LOW HITPOINT WARNING * * *
Shoot: a) +0 hand crossbow
Press: ? - help, Q - select action, (/) - cycle Shift-Dir - straight line, f/p - orc wizard
Aim: an orc wizard, wielding a +0 dagger and wearing a +0 robe (lightly wounded, 56% to hit)
You shoot a bolt. The bolt hits the orc wizard.
The orc wizard is heavily wounded.
The orc wizard points at you and mumbles some strange words.
The magic dart hits you.
You die...

#'# #.# #.#
#.# #.# #.#
#.# #.# #.#
#.# #.# #.#
#.# #.# #.#
#.# #.# #.#
#.# #.# #.#
#†##########.#
#.#
#........o@..#
#.#
##############
#.# #.#
#.#####
#......
#######


You could see an orc wizard.

Vanquished Creatures
  3 gnolls (D:2)
  3 adders (D:2)
  2 worms
  4 ball pythons
  2 endoplasms
  3 giant cockroaches
  5 goblins
  3 hobgoblins
  4 jackals (D:1)
  A quokka (D:1)
  2 bats
  3 frilled lizards (D:1)
  5 kobolds
  2 rats
42 creatures vanquished.

Notes
Turn   | Place    | Note
-------+----------+-------------------------------------------
     0 | D:1      | siradein the Kobold Arcane Marksman began the quest for the
                  | Orb.
     0 | D:1      | Reached XP level 1. HP: 12/12 MP: 2/2
   272 | D:1      | Found a faded altar of an unknown god.
   399 | D:1      | Reached XP level 2. HP: 16/16 MP: 3/3
  1104 | D:2      | Reached XP level 3. HP: 20/20 MP: 5/5
  1140 | D:2      | Learned a level 3 spell: Portal Projectile
  1471 | D:2      | Reached XP level 4. HP: 26/26 MP: 6/6
  1676 | D:2      | Found an opulent altar of Gozag.
  1970 | D:2      | Reached XP level 5. HP: 19/30 MP: 7/7
  2082 | D:2      | Learned a level 3 spell: Inner Flame
  2456 | D:3      | Reached skill level 1 in Translocations
  2491 | D:3      | Killed from afar by an orc wizard

Illustrated notes

Levels and vault maps discovered:
D:1:      dpeg_arrival_more_subterranean_lakeside_camping, layout_basic,
          hellmonk_ecumenical_altar_arch_garden
D:2:      layout_basic, basic_altar
D:3:      layout_basic, mainiacjoe_overflow_swirl, cheibrodos_sewer_entry_bend,
          uniq_ijyb, uniq_robin

Skill      XL: |  1  2  3  4  5 |
---------------+----------------+-----
Crossbows      | 3 |  3.6
Dodging        | 3 |  3.2
Fighting       | 2 |  2.2
Spellcasting   | 2 |  2.0
Translocations | 1 |  1.0
Hexes          | |  3.5

Action                   |  1- 3 |  4- 6 || total
-------------------------+-------+-------++-------
 Fire: Hand crossbow     |    80 |    80 ||   160
 Cast: Slow              |       |     1 ||     1
Armor: Leather armour    |    14 |    10 ||    24
Dodge: Dodged            |    42 |    41 ||    83

Table legend: (Time is in decaauts)
 A = Elapsed time spent in this place.
 B = Non-inter-level travel time spent in this place.
 C = Inter-level travel time spent in this place.
 D = Time resting spent in this place.
 E = Time spent auto-exploring this place.
 F = Levels seen in this place.
 G = Mean time per level.
                   A        B        C        D        E       F      G
               +--------+--------+--------+--------+--------+-----+--------+
         Total |   2556 |   2534 |     22 |    341 |   1461 |   3 |  852.0 |
       Dungeon |   2556 |   2534 |     22 |    341 |   1461 |   3 |  852.0 |
               +--------+--------+--------+--------+--------+-----+--------+

Top non-repeatable levels by time:
     D:1: 1412 daAuts
     D:2: 969 daAuts
     D:3: 174 daAuts
